 Dungeon Crawl Stone Soup version 0.22.0-36-g8e74550 (webtiles) character file.

118 Gildeon the Charmwright (level 5, 0/40 HPs)
             Began as a Human Skald on Aug 21, 2018.
             Slain by a phantom (5 damage)
             ... on level 4 of the Dungeon on Aug 24, 2018.
             The game lasted 00:13:00 (3683 turns).

Gildeon the Charmwright (Human Skald)               Turns: 3683, Time: 00:13:01

Health: 0/40       AC: -1    Str: 12    XL:     5   Next: 23%
Magic:  9/9        EV: 12    Int: 14    God:
Gold:   168        SH:  0    Dex: 12    Spells: 1/9 levels left

rFire    . . .     SeeInvis .   a - +0 flail
rCold    . . .     Gourm    .   (no shield)
rNeg     . . .     Faith    .   b - +1 leather armour
rPois    .         Spirit   .   (no helmet)
rElec    .         Reflect  .   (no cloak)
rCorr    .         Harm     .   (no gloves)
MR       .....                  (no boots)
Stlth    +.........             (no amulet)
HPRegen  0.13/turn              j - ring of flight
MPRegen  0.11/turn              l - -6 ring of protection (curse)

@: no status effects
A: no striking features
a: Evoke Flight


You were on level 4 of the Dungeon.
You were not hungry.

You visited 1 branch of the dungeon, and saw 4 of its levels.

You collected 168 gold pieces.

Inventory:

Hand Weapons
 a - a +0 flail (weapon)
Armour
 b - a +1 leather armour (worn)
Jewellery
 i - an uncursed amulet of harm
 j - a ring of flight (left hand)
 l - a cursed -6 ring of protection (right hand)
Wands
 n - a wand of random effects (33)
Potions
 c - a potion of lignification
 f - a potion of cancellation
 g - a potion of resistance
 h - a potion of berserk rage
 k - a potion of brilliance {unknown}
 o - a potion of haste {unknown}
 q - a potion of heal wounds {unknown}
Comestibles
 d - 5 rations


   Skills:
 + Level 2.8 Fighting
 + Level 2.7 Maces & Flails
 - Level 1.0 Armour
 + Level 2.8 Dodging
 + Level 2.6 Spellcasting
 + Level 3.6 Charms


You had one spell level left.
You knew the following spells:

 Your Spells              Type           Power        Failure   Level  Hunger
a - Infusion              Chrm           ##..         6%          1    #......
b - Song of Slaying       Chrm           ##......     10%         2    ###....
c - Shroud of Golubria    Chrm/Tloc      #.........   21%         2    ###....
d - Regeneration          Chrm/Necr      #.........   38%         3    ###....

Your spell library contained the following spells:

 Spells                   Type           Power        Failure   Level  Hunger
 Beastly Appendage        Tmut           #.....       28%         1    #......
 Spectral Weapon          Hex/Chrm       #.......     38%         3    ###....
 Sticks to Snakes         Tmut           #.......     41%         2    ###....
 Spider Form              Tmut/Pois      #.........   65%         3    ###....
 Ice Form                 Ice/Tmut       #.......     96%         4    #####..
 Blade Hands              Tmut           #.........   100%        5    ######.


Dungeon Overview and Level Annotations

Branches:
Dungeon (4/15)
 Temple: D:4-7

Altars:
Ashenzari
Uskayaw


Message History

You sock the phantom!
The phantom is heavily damaged.
The phantom hits you.
You hit the phantom but do no damage.
The phantom is heavily damaged.
The phantom hits you. The phantom barely misses you.
You hit the phantom but do no damage.
The phantom is heavily damaged.
The phantom barely misses you.
You sock the phantom!
The phantom is severely damaged.
The phantom hits you!
* * * LOW HITPOINT WARNING * * *
You completely miss the phantom.
The phantom is severely damaged.
The phantom closely misses you.
You barely miss the phantom.
The phantom is severely damaged.
The phantom hits you.
You die...

.#################.#
..>?.......@W$.....#
#######.############
#.# #.# #.# #.# #.#
#.# #.#


You could see a phantom.

Vanquished Creatures
  4 adders
  A worm (D:2)
  3 leopard geckos
  6 orcs (D:3)
  5 bats
  4 giant cockroaches
  9 goblins
  15 hobgoblins
  3 jackals (D:1)
  6 kobolds
  A quokka (D:2)
  2 frilled lizards
  2 rats (D:3)
61 creatures vanquished.

Notes
Turn   | Place    | Note
-------+----------+-------------------------------------------
     0 | D:1      | Gildeon the Human Skald began the quest for the Orb.
     0 | D:1      | Reached XP level 1. HP: 16/16 MP: 3/3
   421 | D:1      | Reached XP level 2. HP: 18/22 MP: 3/5
   669 | D:1      | Reached XP level 3. HP: 10/27 MP: 1/6
   917 | D:1      | Learned a level 2 spell: Song of Slaying
   920 | D:1      | Learned a level 2 spell: Shroud of Golubria
   920 | D:1      | Upgraded the game from 0.22.0-27-ga576289 to 0.22.0-36-g8e74550
  1749 | D:2      | Reached XP level 4. HP: 27/34 MP: 2/7
  2479 | D:3      | Noticed a dagger
  2479 | D:3      | Noticed a hand axe
  2494 | D:3      | Found a hide-covered altar of Uskayaw.
  2707 | D:3      | Found a shattered altar of Ashenzari.
  2844 | D:3      | Reached XP level 5. HP: 33/39 MP: 4/8
  2853 | D:3      | Learned a level 3 spell: Regeneration
  3647 | D:4      | Noticed a phantom
  3683 | D:4      | Slain by a phantom

Action                   |  1- 3 |  4- 6 || total
-------------------------+-------+-------++-------
Melee: Mace              |    95 |    78 ||   173
       Flail             |       |    25 ||    25
 Cast: Infusion          |    16 |    16 ||    32
       Song of Slaying   |       |     1 ||     1
  Use: Scroll            |     3 |     6 ||     9
       Potion            |       |     2 ||     2
  Eat: Chunk             |     3 |     2 ||     5
       Ration            |       |     2 ||     2
Armor: Leather armour    |    42 |    26 ||    68
Dodge: Dodged            |    57 |    77 ||   134
